 Dungeon Crawl Stone Soup version 0.31-a0-263-ge8cad7f256 (webtiles) character file.

Game seed: 349676236981953739

732 Vomitron the Poker (level 7, -2/54 HPs)
             Began as a Demonspawn Gladiator on July 13, 2023.
             Was a Priest of Lugonu.
             Splashed by a jelly's acid (11 damage)
             ... on level 5 of the Dungeon.
             The game lasted 00:04:32 (3594 turns).

Vomitron the Poker (Demonspawn Gladiator)           Turns: 3594, Time: 00:04:32

Health: -2/54      AC: -5    Str: 15    XL:     7   Next: 45%
Magic:  10/10      EV: 12    Int:  9    God:    Lugonu [***...]
Gold:   240        SH:  4    Dex: 16    Spells: 6/6 levels left

rFire   . . .        a - +0 trident (drain)
rCold   . . .        (no shield)
rNeg    . . .        n - +0 ring mail
rPois   .            c - +0 helmet
rElec   .            (no cloak)
rCorr   .            (no gloves)
SInv    .            (no boots)
Will    .....        j - amulet of regeneration
Stlth   +            (no ring)
HPRegen 1.09/turn    (no ring)
MPRegen 0.12/turn

%: no passive effects
@: corroded
A: hooves 1, large bone plates 1, foul stench 1
a: Renounce Religion, Depart the Abyss, Banish


You were on level 5 of the Dungeon.
You worshipped Lugonu.
Lugonu was most pleased with you.
You visited 1 branch of the dungeon, and saw 5 of its levels.

You collected 240 gold pieces.

Inventory:

Hand Weapons
 a - a +0 trident of draining (weapon)
Missiles
 d - 3 throwing nets (quivered)
 e - a javelin
Armour
 b - a +0 leather armour
 c - a +0 helmet (worn)
 n - a +0 ring mail (worn)
Jewellery
 j - an amulet of regeneration (around neck)
 q - a ring of wizardry
Wands
 o - a wand of flame (2)
 u - a wand of roots (8)
Scrolls
 f - a scroll of blinking
 h - a scroll of amnesia
 k - a scroll of immolation
 p - a scroll of brand weapon
Potions
 g - 2 potions of degeneration
 i - a potion of mutation
 l - a potion of curing
 m - a potion of enlightenment {unknown}
 t - a potion of might {unknown}


   Skills:
 + Level 4.1 Fighting
 * Level 5.5 Polearms
 - Level 1.7 Throwing
 - Level 3.0 Armour
 + Level 3.1 Dodging
 + Level 4.0 Invocations


You had 6 spell levels left.
You didn't know any spells.
Your spell library contained the following spells:

 Spells                   Type           Power      Damage    Failure   Level
 Magic Dart               Conj           0%         1d3       61%         1
 Blink                    Tloc           0%         N/A       75%         2
 Call Imp                 Summ           0%         N/A       75%         2
 Cigotuvi's Dreadful Rot  Necr/Pois/Air  0%         N/A       75%         2
 Lesser Beckoning         Tloc           0%         N/A       75%         2
 Momentum Strike          Conj/Tloc      0%         3d8       75%         2
 Wereblood                Tmut           0%         N/A       75%         2
 Ignite Poison            Fire/Tmut/Pois 0%         N/A       93%         3
 Mephitic Cloud           Conj/Pois/Air  0%         N/A       93%         3
 Ozocubu's Armour         Ice            0%         N/A       93%         3
 Freezing Cloud           Conj/Ice/Air   0%         6-21      100%        5
 Irradiate                Conj/Tmut      0%         3d11      100%        5
 Metabolic Englaciation   Hex/Ice        0%         N/A       100%        5
 Simulacrum               Ice/Necr       0%         N/A       100%        6


Dungeon Overview and Level Annotations

Branches:
Dungeon (5/15)
 Temple: D:4-7

Altars:
Cheibriados
Hepliaklqana
Makhleb
Sif Muna
Lugonu


Innate Abilities, Weirdness & Mutations

You have large cloven feet.
You are partially covered in large bone plates. (SH +4)
You may rarely emit foul miasma when damaged in melee.


Message History

You closely miss the hound.
The hound is severely wounded.
The hound bites you but does no damage.
You closely miss the hound. Your kick misses the hound.
The hound is severely wounded.
The hound closely misses you. You block the hound's attack.
You closely miss the hound.
The hound is severely wounded.
The hound bites you but does no damage. The hound barely misses you.
The jelly attacks as you move away! The jelly closely misses you.
You puncture the jelly! The acid corrodes you!
Your hands burn!
You kick the jelly.
The jelly is moderately wounded.
The hound closely misses you. The jelly hits you but does no damage.
The hound barely misses you.
You hit the jelly. The acid corrodes you!
Your hands burn!
The jelly is heavily wounded.
The hound bites you. You block the jelly's attack. The jelly hits you.
You are splashed with acid.
You hit the jelly but do no damage.
Your hands burn!
You kick the jelly.
The jelly is heavily wounded.
The hound closely misses you. The jelly hits you.
You are splashed with acid!
The hound bites you. You block the jelly's attack.
You barely miss the jelly. You punch the jelly, but do no damage.
The jelly is heavily wounded.
The hound completely misses you. You block the jelly's attack.
The jelly barely misses you.
You hit the jelly. You drain the jelly. The acid corrodes you!
Your hands burn!
You kick the jelly, but do no damage.
The jelly is almost dead.
The hound closely misses you. The jelly hits you. The acid corrodes you!
You are splashed with acid!
* * * LOW HITPOINT WARNING * * *
The hound bites you.
* * * LOW HITPOINT WARNING * * *
The jelly hits you.
* * * LOW HITPOINT WARNING * * *
You are splashed with acid!
You die...

......#..# .....##
#....#..# #+#.....#
#....#..# .......+
#....#..# #.....#
#######....#..#
#.....####..........'..#
#...................#..#
.##.....J.........#####..#
........h@........#..##..#
........J.........#...#..#
...#####....#'#####'###..#
. #....#....##..##..#
#....#.....#......#
#....#.....'......#
#....############## ######


You could see a hound (very drained) and 2 jellies.

Vanquished Creatures
  Sigmund (D:2)
  An ogre (D:5)
  A bullfrog (D:5)
  A jelly (D:5)
  A gnoll bouda (D:3)
  2 orc priests (D:4)
  An iguana (D:3)
  Terence (D:2)
  A sleepcap (D:5)
  8 gnolls
  6 adders
  An ufetubus (D:5)
  A worm (D:3)
  A dart slug (D:4)
  4 orcs
  5 bats
  6 endoplasms
  3 giant cockroaches
  3 goblins
  5 hobgoblins
  8 jackals
  12 kobolds
  5 quokkas
  12 ball pythons
  3 frilled lizards
  5 rats
98 creatures vanquished.

Notes
Turn   | Place    | Note
-------+----------+-------------------------------------------
     0 | D:1      | Vomitron the Demonspawn Gladiator began the quest for the
                  | Orb.
     0 | D:1      | Reached XP level 1. HP: 16/16 MP: 1/1
   237 | D:1      | Reached skill level 3 in Polearms
   237 | D:1      | Gained mutation: You may rarely emit foul miasma when
                  | damaged in melee. [demonic ancestry]
   237 | D:1      | Reached XP level 2. HP: 15/22 MP: 2/2
   475 | D:1      | Found a faded altar of an unknown god.
   697 | D:1      | Prayed at the altar of an unknown god.
   697 | D:1      | Became a worshipper of Lugonu the Unformed
   697 | D:1      | Reached * piety under Lugonu
   745 | D:1      | Reached skill level 1 in Armour
   929 | D:2      | Reached XP level 3. HP: 25/28 MP: 3/3
  1072 | D:2      | Noticed Terence
  1084 | D:2      | Killed Terence
  1085 | D:2      | Reached skill level 1 in Invocations
  1207 | D:2      | Noticed Sigmund
  1460 | D:2      | Killed Sigmund
  1461 | D:2      | Reached skill level 4 in Polearms
  1461 | D:2      | Reached XP level 4. HP: 20/35 MP: 3/5
  1461 | D:2      | Gained mutation: You have large cloven feet. [demonic
                  | ancestry]
  1461 | D:2      | Reached XP level 5. HP: 23/41 MP: 3/6
  1566 | D:2      | Found a burning altar of Makhleb.
  2007 | D:3      | Reached ** piety under Lugonu
  2120 | D:3      | Gained mutation: You are partially covered in large bone
                  | plates. (SH +4) [demonic ancestry]
  2120 | D:3      | Reached XP level 6. HP: 44/47 MP: 8/8
  2292 | D:3      | Found a hazy altar of Hepliaklqana.
  2292 | D:3      | Found a snail-covered altar of Cheibriados.
  2292 | D:3      | Found a shimmering blue altar of Sif Muna.
  2817 | D:4      | Reached skill level 5 in Polearms
  3080 | D:4      | Reached XP level 7. HP: 36/53 MP: 9/9
  3197 | D:5      | Entered Level 5 of the Dungeon
  3202 | D:5      | Reached *** piety under Lugonu
  3437 | D:5      | Found a burning altar of Makhleb.
  3437 | D:5      | Noticed a green death
  3594 | D:5      | Splashed by a jelly's acid

Illustrated notes

Levels and vault maps discovered:
D:1:      dpeg_cavernosity, layout_basic, shapermc_ecumenical_altar_acropolis,
          dreamdust_princess_bridge
D:2:      layout_basic, basic_altar, nrook_uturn, uniq_terence, uniq_sigmund
D:3:      layout_basic, gammafunk_temple_overflow_claw
D:4:      layout_loops_ring
D:5:      layout_gridville, grunt_temple_overflow_diamond,
          makhleb_altar_promises_db, minmay_temple_entry_drinking_statues,
          minivault_26

Skill      XL: |  1  2  3  4  5  6  7 |
---------------+----------------------+-----
Polearms       | 3 4 5 |  5.5
Armour         | 1 2 3 |  3.0
Invocations    | 2 3 4 |  4.0
Fighting       | 3 4 |  4.1
Dodging        | 3 |  3.1
Throwing       | |  1.7

Action                     |  1- 3 |  4- 6 |  7- 9 || total
---------------------------+-------+-------+-------++-------
  Melee: Trident           |    99 |   176 |    40 ||   315
         Kick              |       |    48 |    16 ||    64
         Punch             |       |     5 |     3 ||     8
  Evoke: Wand              |     5 |       |       ||     5
    Use: Scroll            |     5 |       |     6 ||    11
   Stab: Sleeping          |     4 |       |       ||     4
 Armour: Leather armour    |    16 |    10 |       ||    26
         Ring mail         |       |    16 |     8 ||    24
  Dodge: Dodged            |    63 |    77 |    27 ||   167
  Block: Other             |       |    11 |     8 ||    19

Table legend: (Time is in decaauts)
 A = Elapsed time spent in this place.
 B = Non-inter-level travel time spent in this place.
 C = Inter-level travel time spent in this place.
 D = Time resting spent in this place.
 E = Time spent auto-exploring this place.
 F = Levels seen in this place.
 G = Mean time per level.
                   A        B        C        D        E       F      G
               +--------+--------+--------+--------+--------+-----+--------+
         Total |   3624 |   3488 |    136 |    318 |   2509 |   5 |  724.8 |
       Dungeon |   3624 |   3488 |    136 |    318 |   2509 |   5 |  724.8 |
               +--------+--------+--------+--------+--------+-----+--------+

Top non-repeatable levels by time:
     D:2: 958 daAuts
     D:1: 914 daAuts
     D:3: 723 daAuts
     D:4: 630 daAuts
     D:5: 397 daAuts
